 Dungeon Crawl Stone Soup version 0.24.0-29-g8ce449bc06 (webtiles) character file.

Game seed: 11357969637701790776, levelgen mode: deterministic

98 FessEmpty the Cudgeler (level 4, -4/29 HPs)
             Began as a Gargoyle Berserker on Nov 16, 2019.
             Was a Believer of Trog.
             Killed by divine providence
             ... invoked by an orc priest
              (15 damage)
             ... on level 3 of the Dungeon.
             The game lasted 00:02:06 (2657 turns).

FessEmpty the Cudgeler (Gargoyle Berserker)         Turns: 2657, Time: 00:02:07

Health: -4/29      AC: 10    Str: 22    XL:     4   Next: 71%
Magic:  4/4        EV: 10    Int:  7    God:    Trog [**....]
Gold:   125        SH:  0    Dex:  9    Spells: 3/3 levels left

rFire    . . .     SeeInvis .   a - +0 mace
rCold    . . .     Gourm    .   (no shield)
rNeg     + . .     Faith    .   l - +0 scale mail
rPois    ∞         Spirit   .   (no helmet)
rElec    +         Reflect  .   (no cloak)
rCorr    .         Harm     .   (no gloves)
MR       .....                  (no boots)
Stlth    ..........             (no amulet)
HPRegen  0.09/turn              (no ring)
MPRegen  0.09/turn              (no ring)

@: no status effects
A: negative energy resistance 1, electricity resistance, unbreathing,
petrification resistance, rot immunity, AC +3
a: Berserk, Trog's Hand, Renounce Religion


You were on level 3 of the Dungeon.
You worshipped Trog.
Trog was pleased with you.
You were not hungry.

You visited 1 branch of the dungeon, and saw 3 of its levels.

You collected 125 gold pieces.

Inventory:

Hand Weapons
 a - a +0 mace (weapon)
Armour
 b - a +0 animal skin
 l - a +0 scale mail (worn)
Jewellery
 k - a +4 ring of intelligence {unknown}
Scrolls
 d - a scroll of teleportation {unknown}
 f - a scroll of fog {unknown}
 g - a scroll of enchant armour {unknown}
 h - 2 scrolls of noise {unknown}
 i - 3 scrolls of remove curse {unknown}
 j - a scroll of fear {unknown}
 o - a scroll of magic mapping {unknown}
 p - a scroll of identify {unknown}
Potions
 e - a potion of heal wounds {unknown}
 m - a potion of might {unknown}
Comestibles
 c - 7 rations
 n - 5 chunks of flesh


   Skills:
 + Level 3.9 Fighting
 + Level 4.2 Maces & Flails
 + Level 2.7 Armour
 + Level 2.1 Dodging
 + Level 0.3 Stealth


You had 3 spell levels left.
You didn't know any spells.
Your spell library was empty.

Dungeon Overview and Level Annotations

Branches:
Dungeon (3/15)

Altars:
Cheibriados
Fedhas
Trog
Xom
Yredelemnul
The Shining One


Innate Abilities, Weirdness & Mutations

You are resistant to torment.
Your stone body is resilient. (AC +3)
You are immune to poison.
You resist negative energy. (rN+)
You are resistant to electric shocks. (rElec)
You can survive without breathing.
You are immune to petrification.
You are immune to rotting.


Message History

You kill the orc!
Trog accepts your kill.
You barely miss the orc.
The orc is heavily wounded.
The orc hits you with a +0 hand axe.
You hit the orc but do no damage.
The orc is heavily wounded.
The orc barely misses you.
You barely miss the orc.
The orc is heavily wounded.
The orc barely misses you. The orc hits you with a +0 hand axe.
You hit the orc.
The orc is almost dead.
The orc hits you but does no damage.
You hit the orc.
You kill the orc!
Trog accepts your kill.
You barely miss the orc. The orc hits you but does no damage.
You hit the orc.
The orc is severely wounded.
The orc barely misses you. The orc hits you but does no damage.
You closely miss the orc.
The orc is severely wounded.
The orc hits you but does no damage.
You sock the orc!
You kill the orc!
Trog accepts your kill.
You hit the orc but do no damage. The orc hits you but does no damage.
You hit the orc but do no damage. The orc hits you but does no damage.
You hit the orc.
The orc is moderately wounded.
The orc hits you but does no damage. x2
You hit the orc.
The orc is heavily wounded.
The orc hits you but does no damage.
You closely miss the orc.
The orc is heavily wounded.
The orc hits you but does no damage.
You barely miss the orc.
The orc is heavily wounded.
The orc closely misses you.
You barely miss the orc.
The orc is heavily wounded.
The orc closely misses you.
You hit the orc.
The orc is almost dead.
The orc closely misses you.
You hit the orc.
You kill the orc!
Trog accepts your kill.
No target in view!
No target in view!
No target in view!
No target in view!
No target in view!
No target in view!
No target in view!
No target in view!
Items here: ))) [ †† You butcher the orc corpse.
n - 2 chunks of flesh You butcher the orc corpse.
n - 5 chunks of flesh (gained 3)
Items here: ))) [ ÷÷ x2
A bat comes into view.
Found 23 stones and 7 gold pieces.
A bat is nearby!
The bat hits you.
You hit the bat.
You kill the bat!
Trog accepts your kill.
No target in view!
No target in view!
No target in view!
No target in view!
No target in view!
No target in view!
No target in view!
No target in view!
You butcher the bat corpse.
n - 6 chunks of flesh (gained 1)
You see here a bat skeleton. x2
You now have 125 gold pieces (gained 7).
You open the door.
Found a stone staircase leading up.
There is an open door here.
Found a bloodstained altar of Trog.
A quokka comes into view.
A quokka is nearby!
A quokka is nearby!
You hit the quokka.
You kill the quokka!
Trog accepts your kill.
No target in view!
No target in view!
No target in view!
No target in view!
No target in view!
No target in view!
No target in view!
No target in view!
You butcher the quokka corpse.
n - 8 chunks of flesh (gained 2)
You see here a quokka skeleton. x2
A giant cockroach comes into view.
A giant cockroach is nearby!
A giant cockroach is nearby!
A giant cockroach is nearby!
A giant cockroach comes into view.
You closely miss the giant cockroach.
The giant cockroach bites you but does no damage.
You hit the giant cockroach.
The giant cockroach is severely wounded.
The giant cockroach misses you.
The giant cockroach bites you but does no damage.
You closely miss the giant cockroach.
The giant cockroach is severely wounded.
The giant cockroach completely misses you.
The giant cockroach bites you but does no damage. x2
You hit the giant cockroach.
You kill the giant cockroach!
Trog accepts your kill. The giant cockroach barely misses you.
You hit the giant cockroach.
You kill the giant cockroach!
Trog accepts your kill.
No target in view!
No target in view!
No target in view!
No target in view!
No target in view!
No target in view!
No target in view!
No target in view!
No target in view!
You butcher the giant cockroach corpse.
n - 10 chunks of flesh (gained 2)
You butcher the giant cockroach corpse.
n - 11 chunks of flesh (gained 1)
Found a snail-covered altar of Cheibriados.
You open the door.
There is an open door here.
Found a stone staircase leading down.
Found a dagger.
You see here a dagger.
Found an escape hatch in the ceiling.
There is an escape hatch in the ceiling here.
Found a ring mail.
Found 8 boomerangs.
You see here 8 boomerangs.
You see here 8 boomerangs.
Some of the chunks of flesh in your inventory have rotted away.
Eating one of 8 chunks of flesh.
You eat one of the 8 chunks of flesh.
This raw flesh tastes terrible.
Some of the chunks of flesh in your inventory have rotted away.
Some of the chunks of flesh in your inventory have rotted away.
Found 22 bolts.
An orc priest comes into view. It is wielding a +0 flail.
The orc priest begins to cast a cantrip, but forgets the words!
An orc priest is nearby!
A rat comes into view. 2 orcs come into view.
The orc shouts! x2
The orc priest miscasts a cantrip.
An orc comes into view. It is wielding a +0 dagger.
You see here a scroll labeled NYPNIA KOUCOEZ.
An orc comes into view.
The orc shouts! x2
The orc priest hits you but does no damage.
The rat bites you but does no damage.
You hit the orc priest.
The orc priest is lightly wounded.
The rat barely misses you. The orc hits you with a +0 dagger.
Your scale mail prevents you from hitting the orc priest.
The orc priest is lightly wounded.
The orc priest mumbles some strange prayers to Beogh against you.
Beogh smites you!
Ouch! That really hurt!
The rat bites you but does no damage. The orc hits you but does no damage. x2
You are too injured to fight recklessly!
You are too injured to fight recklessly!
You are too injured to fight recklessly!
You are too injured to fight recklessly!
You are too injured to fight recklessly!
You are too injured to fight recklessly!
You are too injured to fight recklessly!
You are too injured to fight recklessly!
You are too injured to fight recklessly!
You are too injured to fight recklessly!
You are too injured to fight recklessly!
You are too injured to fight recklessly!
You are too injured to fight recklessly!
You are too injured to fight recklessly!
You are too injured to fight recklessly!
You hit the orc priest.
The orc priest is moderately wounded.
The orc priest mumbles some strange prayers to Beogh against you.
Beogh smites you!
Ouch! That really hurt!
You die...

..# #.# # #.# .# # #.# .# #
########.# #.##### #
#......#.####.#(.. #
#....oro........# # #
#...o.o@.?......#.# #
..#######o.........#.######
....8# #........#......... .....#
#...#......#.###..# 8...8#
#..........#...#..# ##_##
#............# #..# ###########
#...##.###...#.#..# ..<........
.........>.#..#.#..#
##........#........#.#.....#....#


You could see an orc priest, 4 orcs and a rat.

Vanquished Creatures
  An orc wizard (D:3)
  An ooze (D:3)
  A dart slug (D:1)
  A leopard gecko (D:1)
  9 orcs (D:3)
  5 giant cockroaches
  5 goblins
  4 hobgoblins
  8 jackals
  2 quokkas (D:3)
  2 bats (D:3)
  3 frilled lizards (D:1)
  5 kobolds
  6 rats
53 creatures vanquished.

Notes
Turn   | Place    | Note
-------+----------+-------------------------------------------
     0 | D:1      | FessEmpty the Gargoyle Berserker began the quest for the
                  | Orb.
     0 | D:1      | Reached XP level 1. HP: 14/14 MP: 1/1
    85 | D:1      | Reached XP level 2. HP: 10/19 MP: 2/2
   869 | D:1      | Reached ** piety under Trog
   957 | D:1      | Reached XP level 3. HP: 5/24 MP: 3/3
  1778 | D:2      | Found a shimmering altar of Xom.
  1780 | D:2      | Found a basalt altar of Yredelemnul.
  1780 | D:2      | Found a shattered altar of Ashenzari.
  1782 | D:2      | Found a sacrificial altar of Ru.
  1782 | D:2      | Found a glowing golden altar of the Shining One.
  1782 | D:2      | Found a snail-covered altar of Cheibriados.
  1953 | D:3      | Found a blossoming altar of Fedhas.
  2052 | D:3      | Reached skill level 4 in Maces & Flails
  2052 | D:3      | Reached XP level 4. HP: 18/29 MP: 4/4
  2400 | D:3      | Found a bloodstained altar of Trog.
  2446 | D:3      | Found a snail-covered altar of Cheibriados.
  2657 | D:3      | Killed from afar by an orc priest

Levels and vault maps discovered:
D:1:      dpeg_arrival_short_road, layout_loops_ring, minivault_19
D:2:      layout_basic, doesnt_xom_only_xom
D:3:      layout_basic, nicolae_overflow_hidden_temple, cheibriados_altar_1,
          fedhas_ov_isle_minmay

Skill      XL: |  1  2  3 |
---------------+----------+-----
Dodging        | 2 |  2.1
Maces & Flails | 4 |  4.2
Fighting       | |  3.9
Armour         | |  2.7
Stealth        | |  0.3

Action                   |  1- 3 |  4- 6 || total
-------------------------+-------+-------++-------
Melee: Mace              |   125 |    50 ||   175
  Eat: Chunk             |     4 |     2 ||     6
Armor: Animal skin       |    31 |       ||    31
       Scale mail        |    39 |    30 ||    69
Dodge: Dodged            |    84 |    17 ||   101
